 Dungeon Crawl Stone Soup version 0.30.0-15-g856e2d3f33 (webtiles) character file.

Game seed: 11365429765486831415

798 ragingrage the Cleaver (level 7, -1/41 HPs)
             Began as a Gargoyle Delver on May 18, 2023.
             Was an Elder of Okawaru.
             Slain by an iguana (10 damage)
             ... on level 5 of the Dungeon.
             The game lasted 00:05:35 (4611 turns).

ragingrage the Cleaver (Gargoyle Delver)            Turns: 4611, Time: 00:05:36

Health: -1/41      AC: 12    Str: 18    XL:     7   Next: 89%
Magic:  7/7        EV: 11    Int: 10    God:    Okawaru [****..]
Gold:   182        SH:  0    Dex: 17    Spells: 6/6 levels left

rFire   . . .        a - +0 hand axe
rCold   + . .        (no shield)
rNeg    + . .        I - +0 ring mail
rPois   ∞            B - +2 helmet
rElec   +            (no cloak)
rCorr   .            (no gloves)
SInv    .            (no boots)
Will    .....        (no amulet)
Stlth   +++          y - +6 ring of dexterity
HPRegen 0.26/turn    h - ring of protection from cold
MPRegen 0.10/turn

%: no passive effects
@: no status effects
A: sickness immunity, AC +4, negative energy resistance 1, electricity
resistance, torment resistance 1, petrification resistance
a: Renounce Religion, Heroism, Finesse


You were on level 5 of the Dungeon.
You worshipped Okawaru.
Okawaru was greatly pleased with you.
You visited 2 branches of the dungeon, and saw 6 of its levels.

You collected 182 gold pieces.

Inventory:

Hand Weapons
 a - a +0 hand axe (weapon)
 m - a +2 whip of freezing
 D - a +0 sling
Missiles
 p - 3 javelins
 x - 4 boomerangs (quivered)
 C - 2 poisoned darts
 E - 6 silver boomerangs
Armour
 B - a +2 helmet (worn)
 I - a +0 ring mail (worn)
Jewellery
 h - a ring of protection from cold (right hand)
 y - a +6 ring of dexterity (left hand)
Wands
 g - a wand of digging (3)
 j - a wand of quicksilver (5)
Scrolls
 c - a scroll of fog
 d - 5 scrolls of magic mapping
 e - a scroll of fear
 l - 2 scrolls of teleportation
 n - 2 scrolls of blinking
 o - 2 scrolls of immolation
 s - a scroll of enchant weapon
 w - a scroll of butterflies {unknown}
Potions
 b - a potion of mutation {unknown}
 f - 2 potions of haste
 i - 3 potions of ambrosia
 k - a potion of degeneration {unknown}
 q - a potion of resistance {unknown}
 u - 2 potions of might {unknown}
 v - a potion of lignification {unknown}
 z - a potion of flight {unknown}
 A - 2 potions of experience {unknown}
 F - a potion of heal wounds {unknown}
 G - a potion of berserk rage {unknown}


   Skills:
 - Level 3.2 Fighting
 + Level 8.0 Axes
 - Level 1.5 Dodging
 - Level 5.4 Stealth


You had 6 spell levels left.
You didn't know any spells.
Your spell library contained the following spells:

 Spells                   Type           Power      Damage    Failure   Level
 Portal Projectile        Hex/Tloc       0%         N/A       90%         3
 Leda's Liquefaction      Hex/Erth       0%         N/A       100%        4
 Blade Hands              Tmut           0%         N/A       100%        5
 Call Canine Familiar     Summ           Unusable   N/A       N/A         3
 Tukima's Dance           Hex            Unusable   N/A       N/A         3

Dungeon Overview and Level Annotations

Branches:
Dungeon (5/15)             Temple (1/1) D:4

Altars:
Dithmenos
Elyvilon
Fedhas
Hepliaklqana
Okawaru
Qazlal
Sif Muna
Uskayaw
Wu Jian
Yredelemnul

Annotations:
D:3 2 transporters, Grinder; howech's ghost, amateur MiGl
D:4 Ijyb; Natasha


Innate Abilities, Weirdness & Mutations

You are immune to sickness and miasma.
Your stone body is resilient. (AC +4)
You are immune to poison.
You resist negative energy. (rN+)
You are resistant to electric shocks. (rElec)
You are resistant to unholy torment.
You are immune to petrification.


Message History

Unknown command.
The helpless iguana fails to defend itself.
You hit the iguana but do no damage. You hit the quokka.
The iguana barely misses you. The quokka completely misses you.
You closely miss the iguana. You hit the quokka.
You kill the quokka!
Okawaru accepts your kill.
The iguana bites you but does no damage.
You hit the iguana. The iguana bites you!
You hit the iguana.
The iguana bites you but does no damage.
You hit the iguana.
The iguana bites you but does no damage.
You hit the iguana. The iguana misses you.
You slash the iguana!
You kill the iguana!
Okawaru accepts your kill.
Your Axes skill increases to level 8!
You see here an iguana corpse.
You now have 182 gold pieces (gained 4).
You start resting.
You see here an iguana corpse.
The iguana hisses angrily.
There is a stone staircase leading up here.
You throw a boomerang.
The boomerang closely misses the iguana.
You throw a boomerang.
The boomerang hits the iguana but does no damage.
You throw a boomerang. The boomerang barely misses the iguana.
The iguana bites you!
You completely miss the iguana. You punch the iguana.
The iguana barely misses you.
You hit the iguana but do no damage. You barely miss the iguana.
The iguana bites you.
You hit the iguana but do no damage. The iguana bites you!
You completely miss the iguana. The iguana bites you.
You closely miss the iguana. The iguana bites you.
* * * LOW HITPOINT WARNING * * *
You hit the iguana. The iguana bites you!
You die...

#...#...##..## ###
#........#.## ......
#..........###
.........
....#........#
.....#..#
...##.....##..
........## .
.......####.
.........### #....#...#
##
.........l.#......##..#
# ..........@.......
#..# #
.^.......<........ ##..
# ........†......... .
.................. .
.................. ..
..................
..................
...........##.....
.........### ....


You could see an iguana.

Vanquished Creatures
  Pikel (D:4)
  A black bear (D:4)
  Jessica (D:3)
  2 sleepcaps (D:4)
  2 iguanas
  Robin (D:2)
  5 adders
  An ufetubus (D:4)
  A worm (D:3)
  3 dart slugs
  3 orcs
  5 ball pythons
  An endoplasm (D:2)
  2 giant cockroaches
  15 goblins
  8 hobgoblins
  6 jackals (D:3)
  5 quokkas
  5 bats
  A frilled lizard (D:2)
  3 kobolds (D:1)
  4 rats
76 creatures vanquished.

Notes
Turn   | Place    | Note
-------+----------+-------------------------------------------
     0 | D:5      | ragingrage the Gargoyle Delver began the quest for the Orb.
     0 | D:5      | Reached XP level 1. HP: 14/14 MP: 1/1
    17 | D:5      | Reached skill level 2 in Axes
    17 | D:5      | Reached XP level 2. HP: 16/19 MP: 2/2
   105 | D:4      | Noticed Ijyb
   127 | D:4      | Found a staircase to the Ecumenical Temple.
   138 | Temple   | Entered the Ecumenical Temple
   252 | Temple   | Became a worshipper of Warmaster Okawaru
   288 | D:4      | Noticed Pikel
   288 | D:4      | Noticed a lemure
   288 | D:4      | Noticed a lemure
   288 | D:4      | Noticed a lemure
   342 | D:4      | Reached skill level 3 in Axes
   342 | D:4      | Reached XP level 3. HP: 23/23 MP: 3/3
   343 | D:4      | Killed Pikel
   343 | D:4      | Reached * piety under Okawaru
   343 | D:4      | Reached ** piety under Okawaru
   343 | D:4      | Reached *** piety under Okawaru
   343 | D:4      | Reached **** piety under Okawaru
   344 | D:4      | Reached skill level 6 in Axes
   344 | D:4      | Reached XP level 4. HP: 23/28 MP: 4/4
   344 | D:4      | Reached XP level 5. HP: 27/32 MP: 5/5
   344 | D:4      | Reached XP level 6. HP: 31/37 MP: 6/6
   344 | D:4      | Reached XP level 7. HP: 34/41 MP: 7/7
   729 | D:4      | Noticed Natasha
   953 | D:4      | Reached skill level 7 in Axes
  2665 | D:3      | Noticed Robin
  2715 | D:2      | Killed Robin
  2870 | D:3      | Found a transporter.
  2870 | D:3      | Noticed howech's ghost (amateur MiGl)
  3059 | D:3      | Noticed Jessica
  3074 | D:3      | Found a transporter.
  3076 | D:3      | Killed Jessica
  3248 | D:3      | Identified the +0 ring mail "Popt" {Harm Str+2 Dex-4}
  3356 | D:3      | Noticed Grinder
  3517 | D:3      | Found a shimmering blue altar of Sif Muna.
  4573 | D:5      | Reached skill level 8 in Axes
  4611 | D:5      | Slain by an iguana

Illustrated notes

Levels and vault maps discovered:
D:1:      elethiomel_arrival_quiet, layout_loops_ring
D:2:      layout_loops_ring
D:3:      layout_basic, nicolae_overflow_crystal_walls, gammafunk_ghost_arena,
          uniq_grinder, uniq_robin, uniq_jessica
D:4:      layout_basic, minmay_temple_entry_overgrown, uniq_ijyb, uniq_pikel,
          uniq_natasha
D:5:      layout_layer_cave, dk_rats_in_the_wall
Temple:   kb_temple_of_zot

Skill      XL: |  1  2  3  4  5  6  7 |
---------------+----------------------+-----
Axes           | 2 3 6 8 |  8.0
Fighting       | |  3.2
Dodging        | |  1.5
Stealth        | |  5.4

Action                     |  1- 3 |  4- 6 |  7- 9 || total
---------------------------+-------+-------+-------++-------
  Melee: Hand axe          |     7 |       |   259 ||   266
         Punch             |       |       |     3 ||     3
  Throw: Boomerang         |       |       |     3 ||     3
  Evoke: Wand              |     4 |       |       ||     4
    Use: Scroll            |       |       |     7 ||     7
   Stab: Sleeping          |       |       |    20 ||    20
         Distracted        |       |       |     2 ||     2
 Armour: Leather armour    |     2 |       |    82 ||    84
         Ring mail         |       |       |    21 ||    21
  Dodge: Dodged            |     5 |       |   140 ||   145
